 Dungeon Crawl Stone Soup version 0.17-a0-589-gf3c920e (webtiles) character file.

1134 pikmin25 the Covert (level 8, 0/42 HPs)
             Began as a Vine Stalker Assassin on Apr 15, 2015.
             Slain by an orc warrior
             ... wielding a +0 glaive
              (15 damage)
             ... on level 8 of the Dungeon.
             The game lasted 00:23:08 (4989 turns).

pikmin25 the Covert (Vine Stalker Assassin)         Turns: 4989, Time: 00:23:08

Health: 0/42       AC:  9    Str: 14    XL:     8   Next: 36%
Magic:  0/9        EV: 13    Int: 11    God:
Gold:   322        SH:  0    Dex: 18    Spells: 0 memorised, 7 levels left

rFire  . . .     SeeInvis .     b - +0 blowgun
rCold  + . .     Clarity  .     D - +0 leather armour
rNeg   . . .     SustAb   .     (no shield)
rPois  +         Gourm    .     v - +0 helmet
rElec  .         Spirit   +     d - +0 cloak
rCorr  .         Warding  .     x - +2 pair of gloves
rMut   .         Stasis   .     (no boots)
MR     +....                    (no amulet)
Stlth  ++++......               r - ring of protection from cold
                                l - ring of poison resistance

@: somewhat resistant to hostile enchantments, stealthy
A: fangs 3, regeneration 2, shaggy fur 1, magic shield, antimagic bite, no
device heal 3, rot immunity
a: no special abilities


You were on level 8 of the Dungeon.
You were not hungry.

You visited 2 branches of the dungeon, and saw 8 of its levels.

You collected 322 gold pieces.

Inventory:

Hand weapons
 a - a +2 dagger
 b - a +0 blowgun (weapon)
 j - a +0 short sword
 s - a +0 hand axe of chopping
 B - a +0 short sword of venom
 C - a +5 rapier
 F - the +6 spear of Indomitability {pierce, Str+8, unknown}
   (You found it on level 4 of the Dungeon)

   It inflicts extra damage upon your enemies.
   It affects your strength (+8).
 I - a +0 shortbow of flaming
 J - a cursed -1 hand axe
Missiles
 e - 14 poisoned needles (quivered)
 f - 2 curare-tipped needles
 h - 37 bolts
 t - 84 arrows
Armour
 d - a +0 cloak (worn)
 v - a +0 helmet (worn)
 x - a +2 pair of gloves (worn)
 y - a +0 leather armour
 D - a +0 leather armour (worn)
 E - a +0 robe
Jewellery
 l - a ring of poison resistance (left hand)
 r - a ring of protection from cold (right hand)
Magical devices
 q - a wand of digging (5)
Scrolls
 k - 3 scrolls of random uselessness
 n - 2 scrolls of remove curse
 o - 2 scrolls of identify
 w - a scroll of fear
 H - a scroll of magic mapping
Potions
 m - a potion of brilliance
 A - a potion of flight {unknown}
 G - a potion of curing
Books
 i - a book of Control

   Spells                             Type                      Level
   a - Control Teleport               Charms/Translocation         4
   b - Control Undead                 Necromancy                   4
   c - Metabolic Englaciation         Hexes/Ice                    5
   d - Mass Confusion                 Hexes                        6
 K - a book of Spatial Translocations

   Spells                             Type                      Level
   a - Apportation                    Translocation                1
   b - Blink                          Translocation                2
   c - Shroud of Golubria             Charms/Translocation         2
   d - Portal Projectile              Translocation                3
   e - Teleport Other                 Translocation                3
   f - Passage of Golubria            Translocation                4
Comestibles
 c - 2 meat rations
 g - 3 bread rations
 p - a slice of pizza
 u - 4 chunks of flesh
 z - a beef jerky


   Skills:
 + Level 3.9 Fighting
 * Level 5.4 Short Blades
 - Level 1.7 Throwing
 + Level 3.2 Dodging
 * Level 8.6 Stealth


You had 7 spell levels left.
You didn't know any spells.

Dungeon Overview and Level Annotations

Branches:
Dungeon (8/15)             Temple (1/1) D:5
   Lair: D:8-11

Altars:
Cheibriados
Elyvilon
Fedhas
Gozag
Kikubaaqudgha
Makhleb
Nemelex Xobeh
Okawaru
Qazlal
Sif Muna
Trog
Vehumet
Xom
Yredelemnul
Zin
The Shining One


Innate Abilities, Weirdness & Mutations

You have razor-sharp teeth.
You heal very quickly.
You are covered in fur (AC +1).
When hurt, damage is shared between your health and your magic reserves.
Your bite disrupts and absorbs the magic of your enemies.
Potions and wands cannot restore your health.
You are immune to rotting.


Message History

Aim: an orc, wielding a flail (moderately wounded, poisoned)
You shoot a poisoned needle. The poisoned needle hits the orc!
The orc looks even sicker.
The orc is moderately wounded.
The orc warrior hits you from afar with a glaive!
The orc hits you but does no damage.
Firing (i - inventory. (,) - cycle):
e - 16 poisoned needles (quivered)
Press: ? - help, Shift-Dir - straight line, f/p - orc
Aim: an orc, wielding a flail (moderately wounded, poisoned)
You shoot a poisoned needle. The poisoned needle hits the orc!
The orc looks even sicker.
The orc is moderately wounded.
Firing (i - inventory. (,) - cycle):
e - 15 poisoned needles (quivered)
Press: ? - help, Shift-Dir - straight line, f/p - orc
Aim: an orc, wielding a flail (heavily wounded, poisoned)
You shoot a poisoned needle. The poisoned needle hits the orc!
The orc is heavily wounded.
You kill the orc!
The orc warrior hits you from afar with a glaive!!
You die...

######## #...# #.#.#.#
#...# #.#.#.#
#...###.#.#.#
+.......#.#.#
#...#####.#.#####.
+>..(........)...(
########..[....(.(((.....
........))o.######.####..
########@##†# ..# .
#.....#.# ####
.....##..#.# .... ...#.#
... .#.#.# . #. <#.# ##
.#.# .#.# .#.#


You could see an orc warrior.

Vanquished Creatures
  An ice beast (D:5)
  A phantom (D:6)
  2 ogres
  3 centaurs
  A sky beast (D:5)
  A scorpion (D:4)
  A centaur zombie (D:5)
  2 hounds
  An orc priest (D:8)
  A giant frog skeleton (D:6)
  2 worker ants (D:8)
  5 adders
  A shadow imp (D:5)
  An ooze (D:1)
  An adder skeleton (D:8)
  3 worms
  7 giant geckos
  6 orcs
  13 bats
  7 giant cockroaches
  9 hobgoblins
  4 jackals (D:3)
  3 quokkas
  6 giant newts
  8 goblins
  A jackal skeleton (D:5)
  10 kobolds
  3 quokka skeletons
  11 rats
115 creatures vanquished.

Notes
Turn   | Place    | Note
--------------------------------------------------------------
     0 | D:1      | pikmin25, the Vine Stalker Assassin, began the quest for the Orb.
     0 | D:1      | Reached XP level 1. HP: 11/11 MP: 2/2
   107 | D:1      | Reached skill level 1 in Dodging
   109 | D:1      | Reached skill level 5 in Stealth
   109 | D:1      | Reached XP level 2. HP: 15/15 MP: 3/3
   736 | D:2      | Reached XP level 3. HP: 18/18 MP: 4/4
   790 | D:2      | Found a bloodstained altar of Trog.
  1426 | D:3      | Reached XP level 4. HP: 20/23 MP: 3/5
  1647 | D:3      | Found a glowing silver altar of Zin.
  1918 | D:3      | Reached XP level 5. HP: 21/27 MP: 6/6
  2318 | D:4      | Noticed an ogre
  2319 | D:4      | Reached skill level 6 in Stealth
  2376 | D:4      | Killed an ogre
  2376 | D:4      | Gained mutation: You heal very quickly. [Vine Stalker growth]
  2376 | D:4      | Reached XP level 6. HP: 28/32 MP: 7/7
  2696 | D:4      | Got a scorched spear
  2952 | D:5      | Entered Level 5 of the Dungeon
  2997 | D:5      | Found a shimmering altar of Xom.
  3060 | D:5      | Found a basalt altar of Yredelemnul.
  3064 | D:5      | Reached skill level 7 in Stealth
  3093 | D:5      | Reached XP level 7. HP: 36/36 MP: 8/8
  3813 | D:5      | Found a staircase to the Ecumenical Temple.
  3889 | Temple   | Entered the Ecumenical Temple
  4423 | D:6      | Reached skill level 8 in Stealth
  4557 | D:6      | Reached skill level 5 in Short Blades
  4557 | D:6      | Gained mutation: You have razor-sharp teeth. [Vine Stalker growth]
  4557 | D:6      | Reached XP level 8. HP: 40/40 MP: 9/9
  4744 | D:6      | Found an iron altar of Okawaru.
  4860 | D:6      | You fall through a shaft for 2 floors!
  4989 | D:8      | Slain by an orc warrior

Action                   |  1- 3 |  4- 6 |  7- 9 || total
-------------------------+-------+-------+-------++-------
Melee: Dagger            |   102 |    80 |       ||   182
       Short sword       |    14 |     8 |       ||    22
       Hand axe          |       |    14 |       ||    14
       Rapier            |       |    15 |    64 ||    79
 Fire: Blowgun           |     5 |    11 |    17 ||    33
  Use: Scroll            |     4 |       |     4 ||     8
       Potion            |       |     2 |     5 ||     7
 Stab: Sleeping          |     9 |    12 |    11 ||    32
  Eat: Chunk             |     2 |     4 |     3 ||     9
       Meat ration       |       |       |     1 ||     1
